Map: Kairos Junction LE

Players

Starlord - Winner!

  • Race: Zerg Zerg
  • League: Master
  • Spawn Location: 11:00

Welches

  • Race: Terran Terran
  • League: Master
  • Spawn Location: 5:00

VOD

https://youtu.be/VZWVy7ZmM5s

Description

Time

  • Played on: July 29, 2019, 6:39 p.m.
  • Length: 8:21
Show
View Real Time Build Order
Export as new Build Order

Starlord Zerg - Winner!

Build Orders: Hatch First 

Get SALT Encoding   

  12  0:03  Drone  
  13  0:14  Overlord  
  13  0:19  Drone  
  14  0:33  Drone  
  14  0:34  Drone  
  16  0:38  Drone  
  17  0:52  Drone  
  18  0:58  Hatchery  
  17  1:07  Drone  
  18  1:18  Spawning Pool  
  18  1:20  Drone  
  18  1:26  Drone  
  19  1:34  Extractor  
  19  1:35  Drone  
  19  1:45  Overlord  
  19  2:00  Extractor  
  18  2:02  Drone  
  18  2:03  Drone  
  18  2:07  Queen  
  22  2:10  Queen  
  22  2:11  Zergling x2  
  26  2:18  Extractor  
  26  2:19  Drone  
  27  2:25  Extractor  
  26  2:31  Hatchery  
  26  2:33  Drone  
  26  2:35  Drone  
  27  2:41  Drone x2  
  29  2:44  Drone  
  29  2:47  Extractor  
  30  2:57  Drone  
  32  3:01  Extractor  
  32  3:04  Drone  
  31  3:06  Queen  
  31  3:08  Queen  
  35  3:14  Overlord  
  35  3:15  Overlord  
  35  3:19  Extractor  
  35  3:21  Metabolic Boost  
  35  3:23  Drone  
  36  3:27  Extractor  
  36  3:28  Drone  
  36  3:35  Drone x3  
  36  3:36  Drone x2  
  36  3:40  Extractor  
  41  3:44  Roach Warren  
  40  3:48  Lair  
  40  3:50  Drone  
  41  3:55  Drone  
  41  3:56  Drone  
  41  3:57  Drone  
  41  3:59  Drone  
  41  4:00  Extractor  
  45  4:08  Drone x3  
  48  4:10  Extractor  
  48  4:13  Extractor  
  48  4:17  Drone x3  
  48  4:20  Drone x2  
  48  4:22  Overlord  
  52  4:26  Roach x2  
  56  4:34  Overlord  
  56  4:35  Overlord  
  56  4:36  Roach  
  58  4:45  Roach x2  
  62  4:53  Roach x6  
  62  4:57  Queen  
  76  5:03  Overseer  
  76  5:10  Overlord x3  
  76  5:13  Roach  
  78  5:15  Roach  
  80  5:22  Spore Crawler  
  80  5:25  Spore Crawler  
  80  5:28  Ravager x4  
  82  5:34  Ravager  
  83  5:39  Queen  
  83  5:41  Zergling x16  
  93  5:44  Ravager  
  93  5:45  Overlord  
  94  5:52  Zergling x10  
  99  6:10  Queen  
  96  6:23  Zergling x20  
  102  6:29  Zergling x4  
  91  6:47  Drone x5  
  83  7:04  Hatchery  
  83  7:05  Zergling x8  
  82  7:12  Drone x2  
  81  7:21  Queen x2  
  81  7:25  Spire, Spore Crawler  
  81  7:26  Drone, Spore Crawler  
  81  7:27  Drone x7, Spore Crawler  
  81  7:28  Spore Crawler x3  
  71  7:48  Drone  
  71  7:49  Drone x4  
  67  8:04  Spore Crawler  
Show
View Real Time Build Order
Export as new Build Order

Welches Terran 

Build Orders:  

Get SALT Encoding   

  12  0:05  SCV  
  13  0:17  SCV  
  14  0:22  Supply Depot  
  14  0:29  SCV  
  14  0:30  Refinery  
  15  0:43  SCV  
  15  0:47  Barracks  
  16  0:55  SCV  
  17  1:08  SCV  
  18  1:20  SCV  
  19  1:32  SCV  
  20  1:41  Reaper  
  20  1:45  Command Center  
  21  1:55  Orbital Command  
  21  2:10  Factory  
  21  2:13  Barracks Reactor  
  21  2:18  Supply Depot  
  21  2:28  SCV  
  22  2:32  Refinery  
  22  2:40  SCV  
  23  2:52  SCV  
  24  3:08  SCV  
  24  3:10  Hellion, Marine  
  24  3:11  Hellion  
  29  3:17  Orbital Command  
  29  3:19  Starport  
  29  3:20  SCV  
  30  3:29  Barracks Tech Lab  
  30  3:33  SCV  
  31  3:43  SCV  
  31  3:45  SCV  
  33  3:49  Hellion x2  
  33  3:55  SCV  
  38  3:57  SCV  
  38  3:59  Fusion Core  
  39  4:07  SCV  
  39  4:09  SCV  
  41  4:10  Hellion x2  
  41  4:17  Supply Depot  
  45  4:19  SCV  
  45  4:23  Command Center  
  46  4:28  Supply Depot  
  46  4:38  SCV x2, Armory  
  48  4:39  Hellion  
  52  4:50  SCV x2  
  54  4:59  Battlecruiser  
  58  5:02  SCV x2  
  60  5:07  Supply Depot  
  60  5:11  Supply Depot  
  60  5:14  SCV, Refinery  
  60  5:15  Refinery  
  60  5:18  SCV  
  62  5:29  SCV  
  62  5:31  SCV, Barracks Tech Lab  
  62  5:33  Widow Mine x2  
  68  5:39  Supply Depot, Orbital Command  
  68  5:41  SCV  
  69  5:43  SCV  
  69  5:47  Terran Vehicle And Ship Armor Level 1  
  70  5:53  SCV  
  70  5:55  Marauder, Factory  
  67  6:11  SCV  
  67  6:12  SCV  
  54  6:22  Battlecruiser  
  54  6:23  Hellion, SCV  
  54  6:24  SCV  
  47  6:35  Marauder  
  47  6:36  SCV  
  44  6:45  SCV  
  39  6:48  SCV  
  12  7:40  SCV  
Tags
 
Add a new tag
Caveats
  • Supply blocks, unpowered buildings, or Contaminate may cause inaccurate times.
  • Supply counts are checked every 10 seconds.